 Seeded DCSS version 0.30.1-3-gfc49f6343a (webtiles) character file.

Game seed: 6351066067085065685 (custom seed)

59031 Esekla the Eclecticist (level 14, -2/82 HPs)
             Began as a Deep Elf Necromancer on Aug 9, 2023.
             Was a Follower of Vehumet.
             Slain by an orc warlord
             ... wielding a +0 long sword
              (35 damage)
             ... on level 2 of the Orcish Mines.
             The game lasted 02:37:31 (19106 turns).

Esekla the Eclecticist (Deep Elf Necromancer)      Turns: 19106, Time: 02:37:32

Health: -2/82      AC: 11    Str:  5    XL:     14   Next: 51%
Magic:  25/46      EV: 16    Int: 26    God:    Vehumet [*.....]
Gold:   986        SH:  0    Dex: 15    Spells: 5/47 levels left

rFire   . . .        a - +8 arc blade {discharge, rElec}
rCold   . . .        (no shield)
rNeg    . . .        N - +0 troll leather armour
rPois   .            L - +1 helmet
rElec   +            k - +1 cloak
rCorr   .            i - +0 pair of gloves
SInv    .            p - +0 pair of boots {rampage}
Will    +....        B - amulet of magic regeneration
Stlth   +++          g - ring of magical power
HPRegen 1.13/turn    K - ring of the Mage {Wiz Archmagi}
MPRegen 0.70/turn

%: rampage, wizardry (x1), archmagi
@: studying Fighting
A: no striking features
a: Renounce Religion


You were on level 2 of the Orcish Mines.
You worshipped Vehumet.
Vehumet was aware of your devotion.
You visited 3 branches of the dungeon, and saw 19 of its levels.
You also visited: Trove and Bailey.

You collected 3440 gold pieces.
You spent 2454 gold pieces at shops.

Inventory:

Hand Weapons
 a - the +8 arc blade (weapon) {discharge, rElec}
   (You bought it in a shop on level 4 of the Dungeon)

   rElec:     It insulates you from electricity.
 r - a +4 trident of venom
Missiles
 u - 54 poisoned darts
 I - 4 curare-tipped darts
 J - 11 boomerangs (quivered)
Armour
 c - a +0 buckler
 i - a +0 pair of gloves (worn)
 k - a +1 cloak (worn)
 p - a +0 pair of boots of rampaging (worn)
 L - a +1 helmet (worn)
 N - a +0 troll leather armour (worn)
 V - the +2 cloak of the Thief {*Fog Slay-2 SInv Stlth+}
   (You found it in a treasure trove)

   *Fog:      It may release a thick cloud of smoke when the wearer is hurt.
   Slay:      It affects your accuracy & damage with ranged weapons and melee
   (-2).
   SInv:      It lets you see invisible.
   Stlth:     It makes you more stealthy.
Jewellery
 g - a ring of magical power (left hand)
 m - an amulet of reflection
 n - a ring of ice
 B - an amulet of magic regeneration (around neck)
 K - the ring of the Mage (right hand) {Wiz Archmagi}
   (You bought it in a shop on level 2 of the Dungeon)

   [ring of wizardry]

   It improves your spell success rate.
   Archmagi:  It increases the power of your magical spells.
 S - the amulet of Sorhauxe {rC++ Will++ Regen+ Dex-3}
   (You found it in a treasure trove)

   [amulet of regeneration]

   Dex:       It affects your dexterity (-3).
   rC:        It greatly protects you from cold.
   Regen:     It increases your rate of health regeneration.
   Will:      It greatly increases your willpower.
 T - the ring of Akemeir {Fire Str+4}
   (You found it in a treasure trove)

   [ring of fire]

   It enhances your fire magic.
   Str:       It affects your strength (+4).
   rF:        It protects you from fire.
   rC:        It makes you vulnerable to cold.
Wands
 t - a wand of digging (9)
 C - a wand of flame (23)
 D - a wand of roots (8)
 F - a wand of quicksilver (3)
 H - a wand of mindburst (7)
Scrolls
 e - 2 scrolls of fear
 l - 3 scrolls of blinking
 o - a scroll of enchant armour
 s - 2 scrolls of fog
 w - 2 scrolls of acquirement
 x - 2 scrolls of silence
 y - 4 scrolls of enchant weapon
 z - 2 scrolls of magic mapping
 E - 5 scrolls of teleportation
 G - 2 scrolls of poison
Potions
 b - 3 potions of magic
 d - 3 potions of ambrosia
 f - 2 potions of mutation
 h - 6 potions of curing
 j - 7 potions of attraction
 q - 5 potions of brilliance
 v - 3 potions of haste
 A - 3 potions of lignification
 M - a potion of cancellation
 O - 2 potions of flight
 P - a potion of might
 Q - a potion of heal wounds
 R - a potion of resistance {unknown}
Miscellaneous
 U - a lightning rod (4/4)


   Skills:
 * Level 7.6 Fighting
 + Level 4.7(5.1) Short Blades
 + Level 2.6(3.9) Long Blades
 + Level 4.0 Throwing
 * Level 4.8 Armour
 * Level 11.1 Dodging
 + Level 5.4 Stealth
 * Level 17.0 Spellcasting
 + Level 6.9 Conjurations
 + Level 13.8 Necromancy
 + Level 6.5 Translocations
 + Level 3.1 Transmutations
 + Level 3.0 Fire Magic
 * Level 6.3 Ice Magic
 + Level 4.4 Air Magic
 + Level 3.9 Poison Magic
 + Level 1.7 Evocations


You had 5 spell levels left.
You knew the following spells:

 Your Spells              Type           Power      Damage    Failure   Level
a - Magic Dart            Conj           100%       1d8       1%          1
b - Iskenderun's Mystic   Conj/Tloc      71%        2d14      1%          4
c - Mephitic Cloud        Conj/Pois/Air  65%        N/A       1%          3
d - Vampiric Draining     Necr           96%        2d12      1%          3
f - Fireball              Conj/Fire      32%        3d14      5%          5
g - Ozocubu's Refrigerat  Ice            35%        4d15      61%         7
o - Orb of Destruction    Conj           36%        9d11      52%         7
t - Teleport Other        Tloc           71%        N/A       1%          3
v - Poisonous Vapours     Pois/Air       100%       N/A       1%          2
w - Wereblood             Tmut           55%        N/A       1%          2
z - Freezing Cloud        Conj/Ice/Air   34%        6-21      3%          5

Your spell library contained the following spells:

 Spells                   Type           Power      Damage    Failure   Level
 Lee's Rapid Deconstruct  Erth           16%        3d10*     34%         5
 Necrotise                Necr           100%       1d9       0%          1
 Sublimation of Blood     Necr           96%        N/A       0%          2
 Foxfire                  Conj/Fire      100%       2x1d9     1%          1
 Lesser Beckoning         Tloc           100%       N/A       1%          2
 Gell's Gravitas          Tloc           71%        N/A       1%          3
 Hailstorm                Conj/Ice       71%        3d15      1%          3
 Ignite Poison            Fire/Tmut/Pois 56%        N/A       1%          3
 Portal Projectile        Hex/Tloc       100%       N/A       1%          3
 Spider Form              Tmut/Pois      57%        N/A       1%          3
 Vhi's Electric Charge    Tloc/Air       100%       N/A       1%          3
 Animate Dead             Necr           96%        N/A       1%          4
 Manifold Assault         Tloc           71%        N/A       1%          4
 Passage of Golubria      Tloc           71%        N/A       1%          4
 Sticky Flame             Conj/Fire      64%        2d8       1%          4
 Agony                    Necr           96%        N/A       1%          5
 Summon Ice Beast         Ice/Summ       55%        N/A       4%          4
 Cause Fear               Hex            16%        N/A       14%         4
 Silence                  Hex/Air        25%        N/A       16%         5
 Summon Mana Viper        Hex/Summ       33%        N/A       34%         5
 Dispersal                Tloc           35%        N/A       16%         6
 Starburst                Conj/Fire      32%        6d10      26%         6
 Plasma Beam              Fire/Air       29%        2x1d45    41%         6
 Disjunction              Tloc           35%        N/A       99%         8
 Summon Hydra             Summ           16%        N/A       100%        7
 Ignition                 Fire           27%        3d9       100%        8
 Lehudib's Crystal Spear  Conj/Erth      28%        10d8      100%        8


Dungeon Overview and Level Annotations

Branches:
Dungeon (12/15)            Temple (0/1) D:6            Lair (5/5) D:11
 Shoals (0/4) Lair:2       Spider (0/4) Lair:3        Slime (0/5) Lair:5
    Orc (2/2) D:10         Bailey (visited)
    Elf: Orc:2

Altars:
Dithmenos
Fedhas
Hepliaklqana
Nemelex Xobeh
Okawaru
Qazlal
Ru
Trog
Uskayaw
Vehumet
Zin
The Shining One
Jiyva

Shops:
D:2 =   D:4 (   D:11 *

Annotations:
Lair:5 1 runed translucent door, exclusion: oklob plant


Message History

You resist.
You are struck by an arc of lightning.
The orc warlord is struck by an arc of lightning!
The orc warlord is moderately wounded.
You resist.
You are struck by an arc of lightning.
The orc warlord is struck by an arc of lightning.
The orc warlord is moderately wounded.
You resist.
You are struck by an arc of lightning.
The orc warlord is struck by an arc of lightning!
The orc warlord is heavily wounded.
The lightning grounds out.
The orc warlord is heavily wounded.
The orc warlord is engulfed in freezing vapours.
The orc warlord hits you with a +0 long sword!!
The orc warrior barely misses the orc.
Casting: Freezing Cloud (dangerous; 3% risk of failure)
Confirm with . or Enter, or press ? or * to list all spells.
Aiming: Vampiric Draining (safe; 1% risk of failure)
Press: ? - help, Shift-Dir - straight line, f/p - orc warlord
Aim: an orc warlord, wielding a +0 long sword, wearing a +0 chain mail of poison resistance and wearing a +0 kite shield (freezing vapour, heavily wounded, strong)
You feel a surge of power!
You draw life force from the orc warlord!
You feel life coursing into your body!
The orc is engulfed in noxious fumes.
The orc appears confused.
The orc warlord is engulfed in freezing vapours.
The orc warlord hits you with a +0 long sword!!
The orc knight hits you with a +0 battleaxe!
Casting: Vampiric Draining (safe; 1% risk of failure)
Confirm with . or Enter, or press ? or * to list all spells.
Aiming: Vampiric Draining (safe; 1% risk of failure)
Press: ? - help, Shift-Dir - straight line, f - orc knight, p - orc warlord
Aim: an orc knight, wielding a +0 battleaxe and wearing a +0 chain mail (severely wounded, strong, poisoned)
You feel a surge of power!
You draw life force from the orc knight!
You feel life coursing into your body.
Your primal bloodlust has ended.
The orc warrior no longer looks unusually strong.
The orc knight looks more healthy.
The orc warlord is engulfed in freezing vapours.
The orc warlord hits you with a +0 long sword!!
You die...

###.## ##
#####....###.##......
##.##......#..........
#.....................
##.......)............
##......#.........o..
#.......#.....§§§....
##...........)§§§.o..
##...........@o§§.○.. #
##.........).o)#§.°°..
###..................☼o.
##.....#.#..............
#.......#.........##...#
....##.#.........## .##
...#.####.......## #
..#### #.#....## ..#
......##


You could see an orc warlord (strong), an orc knight (strong), an orc warrior
(confused) and 2 orcs.

Vanquished Creatures
  Rupert (Lair:4)
  An orc warlord (Orc:2)
  A fire dragon (Lair:5)
  Harold (D:9)
  2 hydras (Lair:3)
  A catoblepas (Lair:5)
  2 boulder beetles (Lair:2)
  3 two-headed ogres
  Lodul (D:11)
  A skyshark (Lair:4)
  Pikel (D:6)
  A swamp dragon (Lair:5)
  2 lindwurms (Lair:5)
  An ugly thing (D:12)
  3 orc knights
  7 cyclopes
  An orc sorcerer (Orc:2)
  Joseph (D:7)
  A merfolk siren (Lair:2)
  2 black mambas
  9 elephants (Lair:5)
  6 torpor snails
  2 gargoyles
  11 cane toads
  Psyche (D:11)
  3 rime drakes
  15 komodo dragons
  A kobold demonologist (D:9)
  2 merfolk (Lair:2)
  A polar bear (D:11)
  7 trolls
  3 tyrant leeches (Lair:5)
  9 hornets
  5 blink frogs (Lair:1)
  12 spriggans (Lair:3)
  4 centaur simulacra (D:11)
  A vampire (D:12)
  A culicivora (Lair:3)
  A wraith (D:12)
  5 basilisks
  33 yaks
  3 steam dragons
  5 wyverns
  Menkaure (D:7)
  3 wargs (Orc:2)
  2 acid dragons (Lair:5)
  6 ice beasts
  14 water moccasins
  2 swamp drakes (Lair:5)
  A sky beast (D:6)
  19 orc warriors
  2 black bears
  16 ogres
  2 centaurs
  3 boggarts (Lair:3)
  12 wolves
  A phantom (D:7)
  Blork the orc (D:6)
  4 kobold brigands
  4 gnoll sergeants
  An earth elemental (D:11)
  10 bullfrogs
  3 scorpions
  10 wights
  21 killer bees
  2 howler monkeys (D:10)
  An electric eel (D:11)
  2 quasits (D:8)
  2 gnoll boudas
  6 hounds
  A jelly (D:6)
  Crazy Yiuf (D:7)
  15 orc priests
  12 hell rats
  13 orc wizards
  A sleepcap (D:5)
  7 iguanas
  33 gnolls
  9 adders
  3 shadow imps (D:8)
  9 white imps
  4 ufetubi
  A worm (D:4)
  3 dart slugs
  81 orcs
  6 ball pythons
  4 endoplasms
  9 goblins
  7 hobgoblins
  A quokka (D:1)
  4 bats
  4 frilled lizards
  21 kobolds
  A rat (D:2)
575 creatures vanquished.

Vanquished Creatures (others)
  A hydra (Lair:5)
1 creature vanquished.

Grand Total: 576 creatures vanquished

Notes
Turn   | Place    | Note
-------+----------+-------------------------------------------
     0 | D:1      | Esekla the Deep Elf Necromancer began the quest for the
                  | Orb.
     0 | D:1      | Reached XP level 1. HP: 10/10 MP: 6/6
   144 | D:1      | Reached skill level 5 in Necromancy
   236 | D:4      | Found an iron altar of Okawaru.
   286 | D:4      | Found a glowing silver altar of Zin.
   306 | D:4      | Found a radiant altar of Vehumet.
   310 | D:4      | Became a worshipper of Vehumet
   416 | D:3      | Reached XP level 2. HP: 13/15 MP: 8/8
   500 | D:3      | Identified the +5 rapier of the Hero {heavy, rN+ Dex+3}
   618 | D:2      | Found Renulab's Jewellery Shop.
   842 | D:3      | Found a stormy altar of Qazlal.
   862 | D:3      | Reached XP level 3. HP: 16/19 MP: 10/10
   866 | D:3      | Learned a level 3 spell: Vampiric Draining
  1193 | D:3      | Reached XP level 4. HP: 13/24 MP: 2/11
  1302 | D:3      | Found a hazy altar of Hepliaklqana.
  1302 | D:3      | Found a bloodstained altar of Trog.
  1655 | D:1      | Reached * piety under Vehumet
  1655 | D:1      | Offered knowledge of Foxfire by Vehumet.
  1739 | D:1      | Learned a level 3 spell: Teleport Other
  1885 | D:2      | Reached skill level 1 in Short Blades
  1968 | D:2      | Noticed a black bear
  1978 | D:2      | Reached skill level 4 in Spellcasting
  1978 | D:2      | Reached XP level 5. HP: 28/28 MP: 11/13
  2011 | D:2      | Found a faded altar of an unknown god.
  2074 | D:2      | Killed a black bear
  2075 | D:2      | Reached skill level 1 in Translocations
  2528 | D:3      | Reached XP level 6. HP: 28/32 MP: 8/15
  2734 | D:4      | Offered knowledge of Magic Dart by Vehumet.
  2737 | D:4      | HP: 1/32 [gnoll/+0 spear (7)]
  2758 | D:3      | Learned a level 1 spell: Magic Dart
  3024 | D:4      | Reached ** piety under Vehumet
  3169 | D:4      | Found a glowing golden altar of the Shining One.
  3277 | D:4      | Found Ponaysk's Antique Weapon Boutique.
  3410 | D:5      | Entered Level 5 of the Dungeon
  3489 | D:5      | Got the Parchment of the Lumpy Olives
  3504 | D:5      | Reached skill level 5 in Spellcasting
  3549 | D:5      | Found a shadowy altar of Dithmenos.
  3667 | D:5      | Reached XP level 7. HP: 36/36 MP: 16/16
  3695 | D:5      | Reached skill level 1 in Throwing
  3785 | D:5      | Reached skill level 1 in Conjurations
  3905 | D:5      | Reached skill level 6 in Spellcasting
  4212 | D:6      | Reached skill level 5 in Dodging
  4403 | D:6      | Noticed Blork the orc
  4423 | D:6      | Killed Blork the orc
  4424 | D:6      | Reached XP level 8. HP: 24/41 MP: 4/20
  4627 | D:6      | Found a staircase to the Ecumenical Temple.
  4670 | D:6      | Reached skill level 7 in Spellcasting
  4729 | D:6      | Noticed Pikel
  4741 | D:6      | Killed Pikel
  4742 | D:6      | Reached skill level 8 in Spellcasting
  4953 | D:7      | Found a runed translucent door.
  4954 | D:7      | Noticed Crazy Yiuf
  4961 | D:7      | Killed Crazy Yiuf
  5118 | D:6      | Found a blossoming altar of Fedhas.
  5137 | D:6      | Offered knowledge of Inner Flame by Vehumet.
  5358 | D:7      | Reached XP level 9. HP: 45/45 MP: 23/23
  5397 | D:7      | Noticed Menkaure
  5406 | D:8      | Noticed a two-headed ogre
  5459 | D:7      | Noticed Joseph
  5468 | D:7      | Killed Joseph
  5469 | D:7      | Reached skill level 9 in Spellcasting
  5523 | D:7      | Reached *** piety under Vehumet
  5652 | D:7      | Killed Menkaure
  6126 | D:8      | Reached skill level 10 in Spellcasting
  6141 | D:7      | Offered knowledge of Dazzling Flash by Vehumet.
  6356 | D:7      | Reached **** piety under Vehumet
  6397 | D:7      | Reached skill level 10 in Necromancy
  6531 | D:8      | Found a transporter.
  6532 | D:8      | Found a transporter.
  6533 | D:8      | Found a transporter.
  6559 | D:8      | Found a transporter.
  6575 | D:8      | Found a hide-covered altar of Uskayaw.
  6591 | D:8      | Killed a two-headed ogre
  6591 | D:8      | Offered knowledge of Iskenderun's Mystic Blast by Vehumet.
  6592 | D:8      | Reached XP level 10. HP: 50/50 MP: 26/26
  6698 | D:8      | Learned a level 4 spell: Iskenderun's Mystic Blast
  7161 | D:9      | Noticed a two-headed ogre
  7261 | D:9      | Found a flagged portal.
  7280 | Bailey   | Entered a bailey
  7433 | Bailey   | Reached skill level 1 in Long Blades
  7553 | Bailey   | Identified the +2 bardiche of Puhoisos {heavy, rElec
                  | Stlth+}
  7727 | Bailey   | Noticed an orc knight
  7727 | Bailey   | Noticed an orc knight
  7744 | Bailey   | Killed an orc knight
  7745 | Bailey   | Reached skill level 11 in Spellcasting
  7745 | Bailey   | Reached skill level 5 in Translocations
  7751 | Bailey   | Killed an orc knight
  7752 | Bailey   | Reached skill level 1 in Evocations
  7884 | D:9      | Killed a two-headed ogre
  7885 | D:9      | Reached skill level 1 in Fighting
  7970 | D:9      | Noticed Harold
  7988 | D:9      | Killed Harold
  8185 | D:9      | Reached XP level 11. HP: 45/56 MP: 28/28
  8292 | D:9      | Found a sparkling altar of Nemelex Xobeh.
  8396 | D:9      | Reached skill level 12 in Spellcasting
  8503 | D:9      | Reached skill level 5 in Conjurations
  8652 | D:10     | Entered Level 10 of the Dungeon
  8689 | D:10     | Reached ***** piety under Vehumet
  8697 | D:10     | Offered knowledge of Orb of Destruction by Vehumet.
  8732 | D:10     | Learned a level 7 spell: Orb of Destruction
  8885 | D:10     | Found a sacrificial altar of Ru.
  8999 | D:10     | Found a staircase to the Orcish Mines.
  9368 | Orc:1    | Entered Level 1 of the Orcish Mines
  9369 | Orc:1    | Noticed an orc knight
  9591 | D:2      | Bought the ring of the Mage {Wiz Archmagi} for 714 gold
                  | pieces
  9591 | D:2      | Found the ring of the Mage {Wiz Archmagi}
  9791 | D:10     | Killed an orc knight
 10299 | D:10     | Reached skill level 1 in Armour
 10424 | D:11     | Noticed Lodul
 10479 | D:11     | Reached skill level 13 in Spellcasting
 10530 | D:11     | Offered knowledge of Ozocubu's Refrigeration by Vehumet.
 10578 | D:10     | Learned a level 7 spell: Ozocubu's Refrigeration
 10714 | D:10     | Reached skill level 1 in Ice Magic
 10714 | D:10     | Reached XP level 12. HP: 59/66 MP: 31/31
 10901 | D:11     | Found a staircase to the Lair.
 10915 | D:11     | Found Fagafuf's Pet Rocks.
 11064 | D:11     | Killed Lodul
 11259 | D:12     | Learned a level 2 spell: Wereblood
 11392 | D:11     | Got Simple Magic
 11490 | D:12     | Found a portal to a secret trove of treasure.
 11638 | D:12     | Learned a level 5 spell: Fireball
 11758 | D:12     | Learned a level 3 spell: Mephitic Cloud
 11761 | D:12     | Learned a level 2 spell: Poisonous Vapours
 11767 | D:12     | Learned a level 5 spell: Freezing Cloud
 11800 | D:12     | Reached skill level 1 in Transmutations
 12067 | D:11     | Reached skill level 1 in Fire Magic
 12073 | D:11     | Noticed Psyche
 12094 | D:11     | Killed Psyche
 12095 | D:11     | Reached skill level 14 in Spellcasting
 12119 | D:12     | Acquired 739 gold pieces
 12268 | D:11     | Noticed a two-headed ogre
 12287 | D:11     | Killed a two-headed ogre
 12342 | D:11     | Reached skill level 5 in Fighting
 12449 | Lair:1   | Entered Level 1 of the Lair of Beasts
 12499 | Lair:1   | Reached skill level 1 in Poison Magic
 12912 | Lair:1   | Reached skill level 1 in Air Magic
 13463 | Lair:2   | Reached skill level 5 in Stealth
 13475 | Lair:2   | Found a transporter.
 13477 | Lair:2   | Found a transporter.
 13478 | Lair:2   | Noticed a boulder beetle
 13478 | Lair:2   | Noticed a boulder beetle
 13504 | Lair:2   | Killed a boulder beetle
 13505 | Lair:2   | Killed a boulder beetle
 13880 | Lair:2   | Reached XP level 13. HP: 73/73 MP: 33/33
 13921 | Lair:2   | Offered knowledge of Iskenderun's Battlesphere by Vehumet.
 14308 | Lair:2   | Found a staircase to the Shoals.
 14557 | Lair:3   | Found a hole to the Spider Nest.
 14684 | Lair:3   | Identified the +3 leather armour of Okawaru's Inspiration
                  | {Str+4}
 14761 | Lair:3   | Reached skill level 10 in Dodging
 14872 | Lair:3   | Reached skill level 15 in Spellcasting
 15213 | Lair:4   | Learned a level 7 spell: Orb of Destruction
 15539 | Lair:4   | Noticed Rupert
 15968 | Lair:4   | Killed Rupert
 16286 | Lair:5   | Entered Level 5 of the Lair of Beasts
 16295 | Lair:5   | Reached skill level 5 in Ice Magic
 16388 | Lair:5   | Reached skill level 16 in Spellcasting
 16466 | Lair:5   | Offered knowledge of Lee's Rapid Deconstruction by Vehumet.
 16484 | Lair:5   | Found a viscous altar of Jiyva.
 16484 | Lair:5   | Found a staircase to the Slime Pits.
 16515 | Lair:5   | Found a runed translucent door.
 16515 | Lair:5   | Noticed a fire dragon
 16622 | Lair:5   | Reached XP level 14. HP: 82/82 MP: 36/36
 17512 | Lair:5   | Got Utragud's Papyrus of the Inquisitive Olives
 18032 | D:4      | Bought the +8 arc blade {discharge, rElec} for 1740 gold
                  | pieces
 18032 | D:4      | Found the +8 arc blade {discharge, rElec}
 18203 | Trove    | Entered a treasure trove
 18208 | Trove    | Found the +2 cloak of the Thief {*Fog Slay-2 SInv Stlth+}
 18210 | Trove    | Identified the +3 ring mail "Poady" {+Inv rF+ Dex+2 Slay-4}
 18218 | Trove    | Identified the amulet of Sorhauxe {rC++ Will++ Regen+
                  | Dex-3}
 18223 | Trove    | Identified the ring of Akemeir {Fire Str+4}
 18238 | Trove    | Identified the +7 quarterstaff of Generosity {flame, Fly
                  | rN+}
 18556 | Orc:2    | Entered Level 2 of the Orcish Mines
 18836 | Orc:1    | Noticed an orc warlord
 18880 | Orc:2    | Killed an orc warlord
 18881 | Orc:2    | Reached skill level 17 in Spellcasting
 19096 | Orc:2    | Noticed an orc warlord
 19106 | Orc:2    | Slain by an orc warlord

Illustrated notes

Levels and vault maps discovered:
D:1:      sevenhm_arrival_forest_fort_small_3, layout_rooms,
          chequers_serial_rivers_room_b, minmay_misc_feat_five
D:2:      layout_loops_ring, dreamdust_ecumenical_altar_angels_and_demons,
          serial_shops, shop
D:3:      layout_basic, grunt_temple_overflow_open, minmay_misc_feat_iff
D:4:      layout_basic, nicolae_overflow_quartered_altars, serial_shops,
          nicolae_diamond_shop
D:5:      layout_loops_ring, lemuel_doored_altar, minmay_misc_feat_rows,
          dreamdust_wishing_well
D:6:      layout_loops_cross, fedhas_altar_fruit_tree,
          minmay_temple_entry_glass, uniq_pikel, uniq_blork_the_orc
D:7:      layout_basic, uniq_menkaure, uniq_joseph, uniq_crazy_yiuf_cottage
D:8:      layout_basic, nicolae_uskayaw_dance_hall, serial_demonic,
          serial_demonic_d, serial_demonic_a, serial_demonic_c,
          serial_demonic_c, nicolae_diode_quadrants
D:9:      layout_irregular_city, kennysheep_little_box, enter_bailey_4,
          minmay_between, uniq_harold
D:10:     layout_basic, nicolae_ru_awakened_eye
D:11:     layout_rooms, hellmonk_lair_entry_icy, serial_ice, serial_ice_j,
          serial_ice_m, serial_ice_o, serial_ice_c, serial_ice_g, serial_ice_f,
          guppyfry_shop_earth, uniq_psyche, uniq_lodul
D:12:     layout_roguey, nicolae_trove_entry_crossroad
Lair:1:   layout_small_grid
Lair:2:   gammafunk_boulding_lane, layout_small_grid, elwin_shoals_entry_rooms
Lair:3:   kb_forest_paths, layout_chaotic_city, spider_nest_entry_rubble
Lair:4:   layout_hall_layers, grunt_megastairs_3, lemuel_fruit_fields,
          uniq_rupert
Lair:5:   guppyfry_lair_end_dragon, layout_misc_corridors, wormcave,
          dpeg_slime_entry_enclosed
Orc:1:    layout_caves
Orc:2:    pf_orc_diabolical, layout_diamond_mine, uniq_azrael

Skill      XL: |  1  2  3  4  5  6  7  8  9 10 11 12 13 14 |
---------------+-------------------------------------------+-----
Necromancy     | 5 6 7 8 10 11 12 13 | 13.8
Dodging        | 3 4 5 7 8 9 10 11 | 11.1
Stealth        | 3 4 5 |  5.4
Short Blades   | 1 2 3 4 |  4.7
Spellcasting   | 4 5 6 8 10 11 13 14 16 17 | 17.0
Translocations | 1 2 3 4 5 6 |  6.5
Throwing       | 1 2 3 4 |  4.0
Conjurations   | 1 2 4 6 |  6.9
Long Blades    | 1 2 |  2.6
Evocations     | 1 |  1.7
Fighting       | 1 4 5 7 |  7.6
Armour         | 1 2 4 |  4.8
Ice Magic      | 1 3 5 6 |  6.3
Transmutations | 2 3 |  3.1
Fire Magic     | 2 3 |  3.0
Poison Magic   | 2 3 |  3.9
Air Magic      | 1 3 4 |  4.4

Action                     |  1- 3 |  4- 6 |  7- 9 | 10-12 | 13-15 || total
---------------------------+-------+-------+-------+-------+-------++-------
  Melee: Short sword       |    30 |       |       |       |       ||    30
         Unarmed           |     9 |       |       |       |       ||     9
         Rapier            |    26 |    74 |   148 |   207 |   210 ||   665
         Punch             |       |     1 |     1 |     4 |     1 ||     7
         Great sword       |       |       |     1 |   119 |    12 ||   132
  Throw: Dart              |       |    13 |    31 |    47 |       ||    91
         Boomerang         |       |       |       |    48 |     1 ||    49
   Cast: Vampiric Draining |     3 |    30 |    70 |   230 |    81 ||   414
         Magic Dart        |       |     3 |     2 |     3 |       ||     8
         Teleport Other    |       |       |     5 |     1 |       ||     6
         Iskenderun's Myst |       |       |       |    35 |    24 ||    59
         Poisonous Vapours |       |       |       |    34 |   102 ||   136
         Fireball          |       |       |       |     9 |     4 ||    13
         Freezing Cloud    |       |       |       |     6 |    48 ||    54
         Mephitic Cloud    |       |       |       |     5 |    22 ||    27
         Wereblood         |       |       |       |     1 |    17 ||    18
         Orb of Destructio |       |       |       |       |     2 ||     2
         Ozocubu's Refrige |       |       |       |       |     1 ||     1
  Evoke: Wand              |       |       |    21 |    19 |       ||    40
    Use: Scroll            |       |       |    10 |    13 |     7 ||    30
         Potion            |       |       |     4 |     6 |     1 ||    11
   Stab: Sleeping          |     2 |     3 |     6 |     3 |     8 ||    22
         Confused          |       |       |       |     1 |    13 ||    14
         Paralysed         |       |       |       |       |     1 ||     1
 Armour: Robe              |    16 |    15 |    30 |       |       ||    61
         Steam dragon scal |       |       |    10 |    87 |       ||    97
         Troll leather arm |       |       |       |    66 |    87 ||   153
  Dodge: Dodged            |    52 |    80 |   188 |   583 |   275 ||  1178
